 Dungeon Crawl Stone Soup version 0.30-a0-1114-gd936c97349 (webtiles) character file.

Game seed: 11300634292705043345

6029 jasper the Spear-Bearer (level 10, -6/68 HPs)
             Began as a Mummy Necromancer on Apr 20, 2023.
             Was a Believer of Hepliaklqana.
             Mangled by a red devil
             ... wielding a +0 trident
             ... summoned by a kobold demonologist
              (9 damage)
             ... on level 9 of the Dungeon.
             The game lasted 00:19:30 (10487 turns).

jasper the Spear-Bearer (Mummy Necromancer)        Turns: 10487, Time: 00:19:31

Health: -6/68      AC: 13    Str: 11    XL:     10   Next: 56%
Magic:  14/14      EV: 12    Int: 25    God:    Hepliaklqana [**....]
Gold:   574        SH:  0    Dex: 13    Spells: 2/15 levels left

rFire   x . .      SeeInvis .    A - +0 halberd
rCold   + . .      Faith    +    (shield currently unavailable)
rNeg    + + +      Spirit   .    q - +0 ring mail
rPois   ∞          Reflect  .    v - +0 helmet
rElec   .          Rampage  .    s - +0 cloak
rCorr   .                        r - +2 pair of gloves
Will    +....                    e - +1 pair of boots
Stlth   +                        (no amulet)
HPRegen 0.31/turn                k - +6 ring of intelligence
MPRegen 0.14/turn                n - ring of wizardry

@: spiked
A: reduced essence, cold resistance 1, negative energy resistance 3, torment
resistance 2, heat vulnerability 1, in touch with death 1, no potions, faith
a: Renounce Religion, Recall Ancestor, Ancestor Identity


You were on level 9 of the Dungeon.
You worshipped Hepliaklqana.
Hepliaklqana was pleased with you.
You visited 2 branches of the dungeon, and saw 10 of its levels.
You also visited: Ossuary.

You collected 574 gold pieces.

Inventory:

Hand Weapons
 b - a +0 short sword
 g - a +0 dagger
 h - a +0 whip
 l - a +3 dagger
 m - a +2 dagger of flaming
 o - a +2 dagger of electrocution
 u - a +0 trident
 y - the +5 sling "Arbiter" {freeze, rC- rN+ Str+5}
   (You took it off a hobgoblin on level 4 of the Dungeon)

   Str:       It affects your strength (+5).
   rC:        It makes you vulnerable to cold.
   rN:        It protects you from negative energy.
 A - a +0 halberd (weapon)
Missiles
 f - 82 stones
 z - 3 javelins
 G - 5 silver boomerangs
 I - a throwing net
 J - 11 poisoned darts
 K - a boomerang
Armour
 a - a +0 robe
 e - a +1 pair of boots (worn)
 q - a +0 ring mail (worn)
 r - a +2 pair of gloves (worn)
 s - a +0 cloak (worn)
 v - a +0 helmet (worn)
Magical Staves
 C - a staff of death
Jewellery
 k - a +6 ring of intelligence (left hand)
 n - a ring of wizardry (right hand)
 x - a ring of protection from cold
 D - a ring of willpower
 L - a ring of magical power
 O - a ring of wizardry
 P - a +5 ring of evasion
Wands
 c - a wand of digging (6)
 w - a wand of iceblast (3)
 B - a wand of flame (5)
 N - a wand of mindburst (7)
Scrolls
 d - a scroll of fear
 i - 2 scrolls of poison
 j - 2 scrolls of amnesia
 p - 2 scrolls of teleportation
 t - a scroll of noise
 E - a scroll of vulnerability
 F - a scroll of identify
 H - 6 scrolls of enchant weapon
 M - a scroll of enchant armour
 Q - a scroll of blinking {unknown}
 R - a scroll of magic mapping {unknown}


   Skills:
 - Level 6.1 Fighting
 * Level 9.2 Polearms
 - Level 4.7 Armour
 - Level 5.4 Dodging
 - Level 1.5 Stealth
 - Level 3.0 Spellcasting
 - Level 6.3 Necromancy


You had 2 spell levels left.
You knew the following spells:

 Your Spells              Type           Power      Damage    Failure   Level
a - Necrotise             Necr           100%       1d9       1%          1
b - Vampiric Draining     Necr           52%        2d9       1%          3
c - Animate Dead          Necr           52%        N/A       7%          4
d - Borgnjor's Vile Clut  Necr/Erth      14%        N/A       52%         5

Your spell library contained the following spells:

 Spells                   Type           Power      Damage    Failure   Level
 Magic Dart               Conj           12%        1d3       9%          1
 Call Imp                 Summ           6%         N/A       13%         2
 Ensorcelled Hibernation  Hex/Ice        6%         N/A       13%         2
 Passwall                 Tmut/Erth      2%         N/A       13%         2
 Agony                    Necr           52%        N/A       19%         5
 Mephitic Cloud           Conj/Pois/Air  3%         N/A       26%         3
 Portal Projectile        Hex/Tloc       6%         N/A       26%         3
 Swiftness                Air            3%         N/A       26%         3
 Tukima's Dance           Hex            3%         N/A       26%         3
 Summon Lightning Spire   Summ/Air       3%         N/A       61%         4
 Lee's Rapid Deconstruct  Erth           1%         3d4*      91%         5
 Summon Forest            Summ/Tloc      1%         N/A       91%         5
 Summon Mana Viper        Hex/Summ       3%         N/A       91%         5
 Summon Cactus Giant      Summ           1%         N/A       100%        6
 Maxwell's Capacitive Co  Air            1%         ∞         100%        8
 Blade Hands              Tmut           Unusable   N/A       N/A         5
 Storm Form               Tmut/Air       Unusable   N/A       N/A         7

Dungeon Overview and Level Annotations

Branches:
Dungeon (9/15)             Temple (1/1) D:6            Lair (0/5) D:8
Ossuary (visited)
    Orc: D:9-12

Altars:
Ashenzari
Cheibriados
Dithmenos
Fedhas
Gozag
Hepliaklqana
Kikubaaqudgha
Makhleb
Nemelex Xobeh
Okawaru
Qazlal
Ru
Sif Muna
Trog
Uskayaw
Vehumet
Wu Jian
Yredelemnul

Annotations:
D:5 2 runed translucent doors, Pimp's ghost, novice MfGl


Innate Abilities, Weirdness & Mutations

Your life essence is reduced to manifest your ancestor. (-10% HP)
You are immune to poison.
Your flesh is cold resistant. (rC+)
You are immune to negative energy. (rN+++)
You are immune to unholy pain and torment.
You are vulnerable to heat. (rF-)
You are in touch with the powers of death.
You do not drink.
You have a special connection with the divine. (Faith)


Message History

Press: ? - help, Dir - move target, f - red devil
Aim: a red devil, wielding a +0 trident (summoned, about 52% to evade your +0 halberd)
You reach to attack!
You barely miss the red devil.
Mummy hits the red devil but does no damage.
The red devil hits you but does no damage.
The kobold demonologist casts a spell.
Reach: A) +0 halberd
Press: ? - help, Dir - move target, f/p - red devil
Aim: a red devil, wielding a +0 trident (summoned, about 52% to evade your +0 halberd)
You reach to attack!
You closely miss the red devil. The red devil barely misses you.
The kobold demonologist looks satisfied for a moment.
Mummy barely misses the red devil.
Reach: A) +0 halberd
Press: ? - help, Dir - move target, f/p - red devil
Aim: a red devil, wielding a +0 trident (summoned, about 52% to evade your +0 halberd)
You reach to attack!
You barely miss the red devil.
The red devil hits you from afar with a +0 trident.
* * * LOW HITPOINT WARNING * * *
Barbed spikes become lodged in your body.
You take 2 damage, and have 16/68 hp.
Reach: A) +0 halberd
Press: ? - help, Dir - move target, f/p - red devil
Aim: a red devil, wielding a +0 trident (summoned, about 52% to evade your +0 halberd)
You reach to attack!
You miss the red devil.
Mummy closely misses the red devil.
The red devil hits you from afar with a +0 trident!
* * * LOW HITPOINT WARNING * * *
Barbed spikes become lodged in your body.
You take 13 damage, and have 3/68 hp.
You can't drink.
Unknown command.
As you read the scroll of fear, it crumbles to dust.
You assume a fearsome visage.
The kobold demonologist looks frightened!
The red devil resists with some effort.
The orange demon resists with almost no effort.
The shadow imp looks frightened!
The red devil hits you from afar with a +0 trident!
You die...

##.....#.....##
##.............##
#...............# ###
#...............# ##..
#...............# ##<..
#...............##### #.)).
#............<......###....
#...............###Z...<...
##........@R#########.#....
##......<.#4K§≈§≈≈..#.....
###..###.#5≈5....≈.#.....
#....# #.#.≈4≈≈§.≈Z#.....
#....# #.#.≈≈..§≈§Z#.....
#....# #.#.≈≈._§≈§Z#.....
#....# #.#.§≈..§≈≈.#.....
#....# #.#.≈.≈≈≈.≈.#.....
#....# #.#Z≈....)≈)#.....


You could see the friendly mummy the knight, an orange demon (summoned), a
kobold demonologist (fleeing, ally target), a red devil (summoned) and a shadow
imp (summoned, fleeing).

Vanquished Creatures
  A two-headed ogre (D:9)
  Pikel (D:6)
  2 steam dragons
  2 yaks (D:8)
  2 water moccasins
  3 black bears
  3 orc warriors
  2 ice beasts
  A sky beast (D:7)
  3 centaurs
  A phantom (D:3)
  2 kobold brigands
  2 bullfrogs
  An elf zombie (Ossuary)
  4 scorpions
  2 killer bees (D:9)
  A howler monkey (D:8)
  3 electric eels (D:7)
  3 hounds
  A jelly (D:6)
  5 orc priests
  A sleepcap (D:7)
  Ijyb (D:5)
  9 iguanas
  14 orc wizards
  4 hound zombies (Ossuary)
  3 mummies (Ossuary)
  Robin (D:3)
  8 gnolls (D:4)
  5 adders
  A white imp (D:8)
  6 adder zombies (Ossuary)
  A worm (D:2)
  A dart slug (D:5)
  28 orcs
  6 endoplasms
  6 giant cockroaches
  A gnoll zombie (Ossuary)
  26 goblins
  10 hobgoblins
  5 jackals
  5 quokkas
  11 ball pythons
  6 bats
  4 frilled lizards
  3 goblin zombies (Ossuary)
  4 hobgoblin zombies (Ossuary)
  4 jackal zombies (Ossuary)
  10 kobolds
  A kobold zombie (Ossuary)
  An orc zombie (Ossuary)
  6 quokka zombies (Ossuary)
  8 rats
  4 rat zombies (Ossuary)
249 creatures vanquished.

Vanquished Creatures (collateral kills)
  4 water moccasins (D:8)
  An ice beast (D:6)
  A centaur (D:9)
  A bullfrog (D:8)
  A killer bee (D:9)
  4 howler monkeys
  An orc priest (D:9)
  An iguana (D:7)
  4 orc wizards
  4 orcs
  An endoplasm (D:1)
  A giant cockroach (D:1)
  A goblin (D:1)
  A ball python (D:2)
  A bat (D:3)
  A frilled lizard (D:2)
  A kobold (D:9)
29 creatures vanquished.

Vanquished Creatures (others)
  2 water moccasin zombies (D:8)
  2 bullfrog zombies (D:8)
  2 black bear zombies (D:8)
  A knight (D:9)
  2 ancestors (D:8)
  2 howler monkey zombies
  10 orc zombies
  A goblin (D:3)
  3 goblin zombies (D:3)
  2 jackal zombies (D:5)
  A quokka zombie (D:5)
  39 fungi (D:8)
  47 plants
114 creatures vanquished.

Grand Total: 392 creatures vanquished

Notes
Turn   | Place    | Note
-------+----------+-------------------------------------------
     0 | D:1      | jasper the Mummy Necromancer began the quest for the Orb.
     0 | D:1      | Reached XP level 1. HP: 13/13 MP: 4/4
   326 | D:1      | Reached XP level 2. HP: 18/20 MP: 1/5
   695 | D:1      | Reached skill level 1 in Fighting
   915 | D:1      | Gained mutation: You are in touch with the powers of death.
                  | [Mummy growth]
   915 | D:1      | Reached XP level 3. HP: 26/26 MP: 4/7
   919 | D:1      | Learned a level 3 spell: Vampiric Draining
  2649 | D:2      | Reached XP level 4. HP: 32/32 MP: 6/8
  2656 | D:2      | Learned a level 4 spell: Animate Dead
  3012 | D:3      | Reached skill level 5 in Necromancy
  3101 | D:3      | Noticed a phantom
  3111 | D:3      | Killed a phantom
  3112 | D:3      | Reached XP level 5. HP: 38/38 MP: 9/9
  3192 | D:3      | Noticed Robin
  3228 | D:3      | Killed Robin
  3229 | D:3      | Reached skill level 1 in Armour
  3857 | D:4      | Reached XP level 6. HP: 40/46 MP: 5/10
  4098 | D:4      | Identified the +5 sling "Arbiter" {freeze, rC- rN+ Str+5}
  4831 | D:5      | Entered Level 5 of the Dungeon
  4831 | D:5      | Noticed an ice beast
  4848 | D:4      | Killed an ice beast
  4892 | D:5      | Reached XP level 7. HP: 52/52 MP: 8/11
  5104 | D:5      | Noticed Ijyb
  5127 | D:5      | Killed Ijyb
  5128 | D:5      | Reached skill level 1 in Polearms
  5220 | D:5      | Found a runed translucent door.
  5410 | D:5      | Found a sand-covered staircase.
  5419 | Ossuary  | Entered an ossuary
  5556 | Ossuary  | Reached skill level 2 in Polearms
  5917 | D:5      | Noticed Pimp's ghost (novice MfGl)
  5934 | D:5      | Reached XP level 8. HP: 41/60 MP: 4/12
  6073 | D:5      | Found a runed translucent door.
  6146 | D:6      | Reached skill level 3 in Polearms
  6296 | D:6      | Found an ornate altar of the Wu Jian Council.
  6338 | D:6      | Noticed Pikel
  6352 | D:6      | Killed Pikel
  6353 | D:6      | Reached skill level 4 in Polearms
  6493 | D:6      | Reached skill level 5 in Fighting
  6761 | D:6      | Reached XP level 9. HP: 63/68 MP: 9/13
  6819 | D:6      | Found a staircase to the Ecumenical Temple.
  6862 | Temple   | Entered the Ecumenical Temple
  6973 | D:6      | Got the Elucidation of Spelunking
  6980 | D:6      | Learned a level 5 spell: Borgnjor's Vile Clutch
  7014 | Temple   | Became a worshipper of Hepliaklqana the Forgotten
  7125 | D:6      | Found a bloodstained altar of Trog.
  7199 | D:6      | Found an ancient bone altar of Kikubaaqudgha.
  7199 | D:6      | Found a burning altar of Makhleb.
  7421 | D:7      | Reached skill level 5 in Polearms
  7635 | D:7      | Reached skill level 5 in Dodging
  8161 | D:7      | Reached * piety under Hepliaklqana
  8442 | D:7      | Reached skill level 6 in Polearms
  8848 | D:8      | Reached XP level 10. HP: 17/68 MP: 1/14
  8849 | D:8      | Reached skill level 7 in Polearms
  9119 | D:8      | Found a staircase to the Lair.
  9277 | D:8      | Reached skill level 8 in Polearms
  9435 | D:8      | Reached ** piety under Hepliaklqana
  9436 | D:8      | Remembered your ancestor mummy as a knight
  9847 | D:8      | Found a sacrificial altar of Ru.
 10074 | D:9      | Found an opulent altar of Gozag.
 10340 | D:9      | Noticed a two-headed ogre
 10356 | D:9      | Killed a two-headed ogre
 10357 | D:9      | Reached skill level 9 in Polearms
 10420 | D:9      | Noticed a sun demon
 10484 | D:9      | Noticed an orange demon
 10486 | D:9      | HP: 3/68 [red devil/+0 trident[a kobold demonologist] (13)]
 10487 | D:9      | Mangled by a red devil

Illustrated notes

Levels and vault maps discovered:
D:1:      grunt_arrival_lava_bath, layout_basic, serial_bayou_lake_a
D:2:      minmay_evil_eye, layout_basic, nicolae_figureground_pulse
D:3:      layout_basic, uniq_robin
D:4:      layout_loops_corners
D:5:      layout_rooms, lightli_ossuary_entry_decrepit_ruins,
          ebering_ghost_sewer_f, uniq_ijyb
D:6:      layout_basic, jmf_multi_god_temple, nicolae_wu_jian_wuxing_cycle,
          trog_hazing_becter, minmay_temple_entry_mini_moons, st_stairs_12,
          uniq_pikel
D:7:      minmay_flawed_box, layout_basic, serial_bayou, serial_bayou_pond_b,
          serial_bayou_pond_c, serial_bayou_shore_a, serial_bayou_ford_a
D:8:      layout_basic, nicolae_ru_the_path_less_chosen,
          due_lair_maze_entry_diamond, serial_rivers,
          chequers_serial_rivers_small_a, chequers_serial_rivers_micro_d,
          chequers_serial_rivers_micro_e, chequers_serial_rivers_micro_a,
          chequers_serial_rivers_marsh
D:9:      layout_rooms, mainiacjoe_overflow_paths, kennysheep_kite_vault
Temple:   hellmonk_temple_two_chambers

Skill      XL: |  1  2  3  4  5  6  7  8  9 10 |
---------------+-------------------------------+-----
Spellcasting   | 3 |  3.0
Fighting       | 1 2 3 4 5 6 |  6.1
Dodging        | 2 3 4 5 |  5.4
Necromancy     | 5 6 |  6.3
Armour         | 1 2 3 4 |  4.7
Polearms       | 2 4 6 9 |  9.2
Stealth        | |  1.5

Action                     |  1- 3 |  4- 6 |  7- 9 | 10-12 || total
---------------------------+-------+-------+-------+-------++-------
  Melee: Unarmed           |     7 |       |       |       ||     7
         Dagger            |     1 |   106 |   512 |    74 ||   693
         Short sword       |     8 |       |       |       ||     8
         Punch             |       |     1 |     7 |     2 ||    10
         Halberd           |       |       |       |    18 ||    18
   Fire: Sling             |       |     3 |       |       ||     3
   Cast: Necrotise         |    95 |    74 |    29 |       ||   198
         Animate Dead      |       |     1 |     7 |     2 ||    10
         Vampiric Draining |       |       |    29 |     2 ||    31
 Invoke: Ancestor Life: Kn |       |       |       |     1 ||     1
         Ancestor Identity |       |       |       |     1 ||     1
  Evoke: Wand              |       |       |     4 |     3 ||     7
    Use: Scroll            |     2 |     6 |     4 |     2 ||    14
   Stab: Distracted        |       |       |     3 |       ||     3
 Armour: Robe              |     4 |       |       |       ||     4
         Ring mail         |       |    48 |   368 |    48 ||   464
  Dodge: Dodged            |    25 |    64 |   343 |    67 ||   499

Table legend: (Time is in decaauts)
 A = Elapsed time spent in this place.
 B = Non-inter-level travel time spent in this place.
 C = Inter-level travel time spent in this place.
 D = Time resting spent in this place.
 E = Time spent auto-exploring this place.
 F = Levels seen in this place.
 G = Mean time per level.
                   A        B        C        D        E       F      G
               +--------+--------+--------+--------+--------+-----+--------+
         Total |  10552 |  10364 |    188 |    330 |   7784 |  11 |  959.3 |
       Dungeon |  10100 |   9918 |    182 |    330 |   7619 |   9 | 1122.2 |
        Temple |     60 |     54 |      6 |      0 |      1 |   1 |   60.0 |
       Ossuary |    391 |    391 |      0 |      0 |    164 |   1 |  391.0 |
               +--------+--------+--------+--------+--------+-----+--------+

Top non-repeatable levels by time:
     D:2: 1517 daAuts
     D:7: 1388 daAuts
     D:8: 1307 daAuts
     D:1: 1302 daAuts
     D:4: 1240 daAuts
     D:6: 1179 daAuts
     D:5: 871 daAuts
     D:3: 854 daAuts
     D:9: 438 daAuts
 Ossuary: 391 daAuts
  Temple: 60 daAuts
